cohdb
Replays
Latest Replays
All Replays
Popular Replays
Top Player Replays
Match Explorer
How It Works
Community
CoH3 Stats
Reddit
Sign in to upload your games and track your stats! →
Sign in with Steam
Match 25206640
Unlisted
Match 25206640
Overview
Messages
Build Orders
End
Panzergrenadier Squad
250 Light Carrier
Selects Armored Support Battlegroup
Panzergrenadier Squad
Construct Light Support Kompanie
Assault Grenadier Squad
Fire Support Elements
Selects Salvage Kits
le.IG 18 Mechanized Group
Assault Grenadier Squad
Construct Mechanized Kompanie
Selects Superior Fire Drills
Support Armor Elements
Selects Flammpanzer III Medium Tank Sd.Kfz. 141
Flammpanzer III Medium Tank
le.IG 18 Mechanized Group
StuG III D Assault Gun
superduck642
DJridoux
obvious_gamer
bisivan1
Eber
Fofi
0
0
Comments
sign in to comment!
No comments posted yet!